 Dungeon Crawl Stone Soup version 0.19-a0-599-g723c685 (webtiles) character file.

214 Geppetto the Digger (level 5, -12/48 HPs)
             Began as a Gargoyle Earth Elementalist on June 11, 2016.
             Killed by divine providence
             ... invoked by an orc priest
              (13 damage)
             ... on level 3 of the Dungeon.
             The game lasted 00:16:13 (2343 turns).

Geppetto the Digger (Gargoyle Earth Elementalist)   Turns: 2343, Time: 00:16:13

Health: -12/48     AC: 12    Str: 16    XL:     5   Next: 91%
Magic:  5/8        EV: 11    Int: 17    God:
Gold:   95         SH:  0    Dex: 10    Spells: 3 memorised, 2 levels left

rFire  . . .     SeeInvis .     m - +1 mace
rCold  . . .     Gourm    .     s - +3 leather armour
rNeg   + . .     Faith    .     (no shield)
rPois  ∞         Spirit   .     (no helmet)
rElec  +         Dismiss  .     h - +0 cloak
rCorr  .         Reflect  .     k - +0 pair of gloves
SustAt .         Harm     .     (no boots)
MR     .....                    (no amulet)
Stlth  ..........               (no ring)
                                (no ring)

@: confused, berserking (expiring), very quick, not resistant to hostile
enchantments, extremely unstealthy
A: negative energy resistance 1, electricity resistance, unbreathing,
petrification resistance, rot immunity, AC +4
a: no special abilities


You were on level 3 of the Dungeon.
You were hungry.

You visited 1 branch of the dungeon, and saw 3 of its levels.

You collected 95 gold pieces.

Inventory:

Hand Weapons
 m - a +1 mace (weapon)
Missiles
 b - 40 stones (quivered)
Armour
 h - a +0 cloak (worn)
 k - a +0 pair of gloves (worn)
 s - a +3 leather armour (worn)
Scrolls
 g - 3 scrolls of remove curse
 n - a scroll of noise
 q - a scroll of recharging {unknown}
 r - a scroll of enchant weapon
Potions
 i - a potion of cancellation
 p - a potion of resistance
Books
 e - a book of Geomancy

   Spells                             Type                      Level
   a - Sandblast                      Earth                        1
   b - Passwall                       Transmutation/Earth          2
   c - Stone Arrow                    Conjuration/Earth            3
   d - Petrify                        Transmutation/Earth          4
   e - Lee's Rapid Deconstruction     Earth                        5
Comestibles
 a - 3 royal jellies
 d - 3 bread rations
 f - a slice of pizza
 l - 2 chunks of flesh
 o - 2 fruits


   Skills:
 + Level 2.8 Fighting
 + Level 1.4 Armour
 - Level 1.5 Dodging
 - Level 2.1 Stealth
 - Level 2.0 Spellcasting
 * Level 2.9 Conjurations
 - Level 0.7 Transmutations
 + Level 5.4 Earth Magic


You had 2 spell levels left.
You knew the following spells:

 Your Spells              Type           Power        Failure   Level  Hunger
a - Sandblast             Erth           ###...       2%          1    #......
b - Passwall              Tmut/Erth      ##........   12%         2    ###....
c - Stone Arrow           Conj/Erth      ###...       14%         3    ###....


Dungeon Overview and Level Annotations

Branches:
Dungeon (3/15)

Altars:


Innate Abilities, Weirdness & Mutations

You are resistant to torment.
Your stone body is resilient. (AC +4)
You are immune to poison.
You resist negative energy. (rN+)
You are resistant to electric shocks. (rElec)
You can survive without breathing.
You are immune to petrification.
You are immune to rotting.


Message History

The orc warrior hits you with a scimitar.
* * * LOW HITPOINT WARNING * * *
You sock the orc warrior!
You kill the orc warrior!
Your Armour skill increases to level 1!
The kobold hits you but does no damage.
You closely miss something. Something hits you but does no damage.
The kobold barely misses you.
You closely miss something.
You hear some strange, mumbled words.
You are confused.
The kobold barely misses you.
You hit the kobold.
You kill the kobold!
You hear some strange, mumbled words.
You are more confused.
You bump into the rock wall.
The orc priest mumbles some strange prayers to Beogh against you.
Beogh smites you!
You die...

#####
###...####################
....#.#..................##
.............##########.#.###
........>......)@{o....###..#
###÷####..#.###########.#.#.#
###.# #..#.# ##.##.# ....#
#..#.# #.##.# ########..#.##
#....# # #..........#########
####.# # #.###........o.....#
#)# # ##.....#######.# #{# #
#...#.# ####.# ##.#


You could see an orc priest.

Vanquished Creatures
  An orc warrior (D:3)
  An orc priest (D:3)
  2 adders (D:2)
  3 worms
  2 dart slugs (D:1)
  5 orcs (D:3)
  A ball python (D:1)
  2 giant cockroaches
  4 goblins
  9 hobgoblins
  5 jackals
  7 kobolds
  7 bats
  2 giant newts (D:1)
  5 rats
56 creatures vanquished.

Notes
Turn   | Place    | Note
--------------------------------------------------------------
     0 | D:1      | Geppetto the Gargoyle Earth Elementalist began the quest for the Orb.
     0 | D:1      | Reached XP level 1. HP: 10/10 MP: 3/3
   329 | D:1      | Reached skill level 4 in Earth Magic
   384 | D:1      | Reached XP level 2. HP: 16/16 MP: 3/5
   388 | D:1      | Learned a level 2 spell: Passwall
   603 | D:1      | Reached skill level 1 in Fighting
   877 | D:1      | Reached XP level 3. HP: 20/20 MP: 4/6
   882 | D:1      | Learned a level 3 spell: Stone Arrow
  1243 | D:2      | Reached skill level 5 in Earth Magic
  1545 | D:2      | Reached XP level 4. HP: 26/26 MP: 3/7
  1647 | D:2      | Reached skill level 1 in Conjurations
  2173 | D:3      | Reached XP level 5. HP: 31/31 MP: 1/8
  2260 | D:3      | Noticed an orc warrior
  2338 | D:3      | HP: 1/46 [orc warrior/scimitar (4)]
  2339 | D:3      | Killed an orc warrior
  2339 | D:3      | Reached skill level 1 in Armour
  2343 | D:3      | Killed from afar by an orc priest

Vault maps used:
D:1:      nicolae_arrival_washed_ashore, minmay_misc_feat_four_crosses
D:2:      first_bread, grunt_ministairs_10, minivault_24
D:3:      ecumenical_altar_2, uniq_grinder, uniq_iyjb

Skill      XL: |  1  2  3  4  5 |
---------------+----------------+-----
Earth Magic    | 4 5 |  5.4
Fighting       | 1 2 |  2.8
Conjurations   | 2 |  2.9
Armour         | 1 |  1.4
Dodging        | |  1.5
Stealth        | |  2.1
Spellcasting   | |  2.0
Transmutations | |  0.7

Action                   |  1- 3 |  4- 6 || total
-------------------------+-------+-------++-------
Melee: Unarmed           |     9 |       ||     9
       Mace              |    29 |    60 ||    89
       Club              |     1 |       ||     1
Throw: Stone             |    49 |       ||    49
 Cast: Sandblast         |    42 |    18 ||    60
       Stone Arrow       |     2 |     6 ||     8
  Use: Scroll            |     6 |     1 ||     7
       Potion            |       |     1 ||     1
  Eat: Chunk             |     3 |     3 ||     6
Armor: Robe              |    27 |    27 ||    54
       Leather armour    |       |     9 ||     9
Dodge: Dodged            |    45 |    54 ||    99
